 Dungeon Crawl Stone Soup version 0.18.1-50-g88ac8fd (webtiles) character file.

28 Gargoyl the Skirmisher (level 3, 29/29 HPs)
             Began as a Demonspawn Abyssal Knight on Sept 18, 2016.
             Was a Follower of Lugonu.
             Quit the game on level 1 of the Dungeon.
             The game lasted 00:01:49 (1426 turns).

Gargoyl the Skirmisher (Demonspawn Abyssal Knight)  Turns: 1426, Time: 00:01:50

Health: 29/29      AC:  8    Str: 13    XL:     3   Next: 0%
Magic:  4/4        EV:  6    Int: 13    God:    Lugonu [*.....]
Gold:   100        SH:  0    Dex: 12    Spells: 0 memorised, 2 levels left

rFire  . . .     SeeInvis .     a - +1 hand axe
rCold  . . .     Gourm    .     g - +0 chain mail
rNeg   . . .     Faith    .     (no shield)
rPois  .         Spirit   +     (no helmet)
rElec  .         Dismiss  .     (no cloak)
rCorr  .         Reflect  .     (no gloves)
SustAt .         Harm     .     (no boots)
MR     .....                    (no amulet)
Stlth  ..........               (no ring)
                                (no ring)

@: not resistant to hostile enchantments, extremely unstealthy
A: claws 1, magic shield
a: Depart the Abyss, Renounce Religion


You were on level 1 of the Dungeon.
You worshipped Lugonu.
Lugonu was aware of your devotion.
You were not hungry.

You visited 1 branch of the dungeon, and saw 1 of its levels.
You visited the Abyss 1 time.

You collected 100 gold pieces.

Inventory:

Hand Weapons
 a - a +1 hand axe (weapon)
Armour
 g - a +0 chain mail (worn)
Wands
 d - a wand of digging (6/24)
Scrolls
 f - 3 scrolls of identify {unknown}
 i - a scroll of teleportation {unknown}
 l - a scroll of magic mapping {unknown}
 n - 2 scrolls of blinking {unknown}
Potions
 e - a potion of cancellation {unknown}
 h - 2 potions of agility {unknown}
 j - a potion of curing {unknown}
Comestibles
 b - a beef jerky
 c - 3 bread rations
 k - a meat ration
 m - 3 fruits


   Skills:
 + Level 3.5 Fighting
 + Level 2.0 Axes
 * Level 2.2 Armour
 + Level 1.0 Dodging
 + Level 2.6 Invocations


You had 2 spell levels left.
You didn't know any spells.

Dungeon Overview and Level Annotations

Branches:
Dungeon (1/15)

Altars:


Innate Abilities, Weirdness & Mutations

You have sharp fingernails.
When hurt, damage is shared between your health and your magic reserves.


Message History

You continue eating. x2
You start resting.
HP restored.
A bat comes into view.
The bat hits you but does no damage. x2
Found 2 scrolls labeled YKAOBL GICS.
The bat hits you but does no damage. The bat hits you but does no damage.
The bat barely misses you. The bat hits you but does no damage.
You hit the bat.
You kill the bat!
Lugonu accepts your kill.
You have reached level 3!
Your experience leads to an increase in your attributes!
Increase (S)trength, (I)ntelligence, or (D)exterity?
You feel stronger.
Your demonic ancestry asserts itself...
You feel your magical essence form a protective shroud around your flesh.
n - 2 scrolls labeled YKAOBL GICS Are you sure you want to abandon this character and quit the game? (Confirm with "yes".)

#.##..###....# #.#
#.. ##.#.# #.# #..
##....# #.# . ...
#.....# #.# . ####
##...## #.# .#
##...## #.# .# #
##.....## ##.#
###.#.##
##.......## ##..##
#......##
#.....@...####....#
.........
+.........+.......#
#.#....##
#.........##......#
#.#>#.##
##.......###.##.#.#
#.#.#.# ##.....##
#.####.# #.#.#.#
##...## #.####.#
#.#.#.# ##+##
#.##...# #.#.#.#
#)# #.##.#.#
#.....# #.#
#.##.#.#


There were no monsters in sight!

Vanquished Creatures
  A dart slug (D:1)
  A giant gecko (D:1)
  4 bats (D:1)
  3 giant cockroaches (D:1)
  2 goblins (D:1)
  3 hobgoblins (D:1)
  4 kobolds (D:1)
  3 rats (D:1)
21 creatures vanquished.

Notes
Turn   | Place    | Note
--------------------------------------------------------------
     0 | Abyss:1  | Gargoyl the Demonspawn Abyssal Knight began the quest for the Orb.
     0 | Abyss:1  | Reached XP level 1. HP: 18/18 MP: 2/2
    17 | Abyss:1  | Found a corrupted altar of Lugonu.
    56 | Abyss:2  | Noticed an apocalypse crab
    97 | Abyss:2  | Noticed a spiny frog skeleton
   103 | Abyss:2  | Noticed a small abomination
   103 | Abyss:2  | Found a corrupted altar of Lugonu.
   123 | Abyss:2  | Noticed a stone giant simulacrum
   125 | Abyss:2  | Noticed a raiju
   127 | D:1      | Escaped the Abyss
   729 | D:1      | Reached * piety under Lugonu
   736 | D:1      | Gained mutation: You have sharp fingernails. [demonic ancestry]
   736 | D:1      | Reached XP level 2. HP: 23/24 MP: 3/3
  1102 | D:1      | Reached skill level 1 in Dodging
  1421 | D:1      | Gained mutation: When hurt, damage is shared between your health and your magic reserves. [demonic ancestry]
  1421 | D:1      | Reached XP level 3. HP: 29/29 MP: 4/4
  1426 | D:1      | Quit the game

Skill      XL: |  1  2 |
---------------+-------+-----
Axes           | 2 |  2.0
Armour         | 2 |  2.2
Dodging        | 1 |  1.0
Fighting       | |  3.5
Invocations    | |  2.6

Action                   || total
-------------------------++-------
Melee: Hand axe          ||    79
Invok: Depart the Abyss  ||     1
  Eat: Chunk             ||     2
Armor: Chain mail        ||    58
       Scale mail        ||     5
Dodge: Dodged            ||    21
